 Dungeon Crawl Stone Soup version 0.17-a0-2064-g265a032 (webtiles) character file.

12009 Ijustatesigmund the Covert (level 11, -1/64 HPs)
             Began as an Octopode Assassin on Oct 12, 2015.
             Was an Elder of Okawaru.
             Killed from afar by Azrael (42 damage)
             ... with a blast of hellfire
             ... on level 12 of the Dungeon.
             The game lasted 01:07:19 (12597 turns).

Ijustatesigmund the Covert (Octopode Assassin)     Turns: 12597, Time: 01:07:19

Health: -1/64      AC:  6    Str: 10    XL:     11   Next: 86%
Magic:  12/14      EV: 16    Int: 14    God:    Okawaru [****..]
Gold:   348        SH: 20    Dex: 17    Spells: 0 memorised, 10 levels left

rFire  . . .     SeeInvis .     J - +2 rapier (protect)
rCold  . . .     Clarity  .     l - +2 large shield
rNeg   + . .     SustAt   .     (helmet restricted)
rPois  .         Gourm    .     r - amulet of warding
rElec  .         Spirit   .     n - ring of stealth
rCorr  .         Warding  +     o - ring of invisibility
rMut   .         Stasis   .     (no ring)
MR     .....                    (no ring)
Stlth  +++++++++.               (no ring)
                                (no ring)
                                (no ring)
                                (no ring)

@: heroism, very slightly contaminated, not resistant to hostile enchantments,
incredibly stealthy
A: almost no armour, amphibious, 8 rings, constrict 8, camouflage 1, gelatinous
body 1
a: Heroism, Renounce Religion, Evoke Invisibility


You were on level 12 of the Dungeon.
You worshipped Okawaru.
Okawaru was greatly pleased with you.
You were not hungry.

You visited 1 branch of the dungeon, and saw 12 of its levels.

You collected 775 gold pieces.
You spent 427 gold pieces at shops.

Inventory:

Hand Weapons
 b - a +1 blowgun
 j - a +0 hunting sling
 A - the +6 short sword of Ragnarok {holy, rF++ rC+ Int-2}
   (You bought it in a shop on level 11 of the Dungeon)

   It has been blessed by the Shining One to cause great damage to the undead
   and demons.
   It affects your intelligence (-2).
   It greatly protects you from fire.
   It protects you from cold.
 F - the +4 hand crossbow "Lyanuvoa" {venom, Dex+5 SInv}
   (You bought it in a shop on level 7 of the Dungeon)

   It poisons the ammo it fires.
   It affects your dexterity (+5).
   It lets you see invisible.
 J - a +2 rapier of protection (weapon)
 L - a +4 dagger of chaos
Missiles
 p - 107 sling bullets
 u - 5 needles of confusion
 w - 46 poisoned needles
 G - 21 bolts
 M - 2 needles of paralysis
 R - 5 needles of sleeping
 S - 3 curare-tipped needles
Armour
 l - a +2 large shield (worn)
Magical Staves
 t - an uncursed staff of cold
Jewellery
 n - a ring of stealth (left tentacle)
 o - a ring of invisibility (right tentacle)
 r - an amulet of warding (around mantle)
Wands
 y - a wand of lightning (7)
 E - a wand of confusion (20)
 N - a wand of magic darts (17)
Scrolls
 a - 5 scrolls of identify
 h - 3 scrolls of amnesia
 i - 4 scrolls of teleportation
 x - 5 scrolls of remove curse
 K - 2 scrolls of recharging
Potions
 c - 4 potions of curing
 g - a potion of brilliance
 q - 4 potions of lignification
 s - a potion of cancellation
 v - 2 potions of might
 B - a potion of flight
 H - a potion of mutation
 I - a potion of agility {unknown}
 Q - a potion of ambrosia
Books
 z - a book of Alchemy

   Spells                             Type                      Level
   a - Sublimation of Blood           Necromancy                   2
   b - Ignite Poison                  Fire/Transmutation/Poison    3
   c - Alistair's Intoxication        Transmutation/Poison         4
   d - Condensation Shield            Ice                          4
   e - Petrify                        Transmutation/Earth          4
   f - Irradiate                      Conjuration/Transmutation    5
 D - a book of Hinderance

   Spells                             Type                      Level
   a - Confusing Touch                Hexes                        2
   b - Confuse                        Hexes                        3
   c - Gell's Gravitas                Hexes/Translocation          3
   d - Petrify                        Transmutation/Earth          4
   e - Metabolic Englaciation         Hexes/Ice                    5
 P - a book of the Tempests

   Spells                             Type                      Level
   a - Static Discharge               Conjuration/Air              3
   b - Lightning Bolt                 Conjuration/Air              5
   c - Fireball                       Conjuration/Fire             5
   d - Tornado                        Air                          9
   e - Shatter                        Earth                        9
Miscellaneous
 d - a phantom mirror
Comestibles
 e - 9 bread rations
 f - 13 fruits
 k - 2 beef jerkies
 m - 13 meat rations
 O - 3 royal jellies


   Skills:
 - Level 2.0(7.0) Fighting
 + Level 8.9(13.9) Short Blades
 + Level 8.7(13.7) Throwing
 + Level 3.0(8.0) Dodging
 - Level 11.0(16.0) Stealth
 - Level 10.0(15.0) Shields
 - Level 5.0 Invocations
 - Level 5.0 Evocations


You had 10 spell levels left.
You didn't know any spells.

Dungeon Overview and Level Annotations

Branches:
Dungeon (12/15)            Temple (0/1) D:4            Lair (0/8) D:9
    Orc (0/4) D:11

Altars:
Ashenzari
Elyvilon
Fedhas
Kikubaaqudgha
Nemelex Xobeh
Okawaru
Qazlal

Shops:
D:7 (   D:10 (   D:11 *

Annotations:
D:12 Azrael


Innate Abilities, Weirdness & Mutations

You cannot wear most types of armour.
You are amphibious.
You can wear up to eight rings at the same time.
You can use your tentacles to constrict eight enemies at once.
Your skin changes colour to match your surroundings (Stealth).
Your rubbery body absorbs attacks (AC +1).


Message History

A hell hound comes into view.
Found 21 gold pieces.
A fire elemental and Azrael come into view.
Use which ability?
You fail to use your ability.
Use which ability?
You gain the combat prowess of a mighty hero.
You feel slightly more hungry.
You can no longer speed up your combat.
Azrael gestures at you.
The fireball explodes!
The fireball engulfs you!
You hear a bark!
You hear a horrible gurgling sound!
Read which item? (? for menu, Esc to quit)
Blink to where?
Press: ? - help, Dir - move target cursor
As you read the scroll of blinking, it crumbles to dust.
Azrael gestures at you.
The hellfire explodes!
The blast of hellfire engulfs you!
Ouch! That really hurt!
You die...

#...# .# E #...#..# #.#.
#...#..# #E#. #...#..#
..h##......# ####
#?#R/ยง....# #..#
#.........# # #..#
#.........# # #..#
#.....@...# #
#..######.........# #
#.................#
###...................
.)....#####....(........
.<....# #.............
####..# #.........###. #
#..# #........$# # #..#
#.........#


You could see Azrael and a fire elemental (wandering).

Vanquished Creatures
  The ghost of emiel the Cleaver, a novice HOAs of Makhleb (D:11)
  The ghost of asdu the Cleaver, a novice CeGl of Ashenzari (D:10)
  2 hill giants
  A manticore (D:11)
  Psyche (D:11)
  Grinder (D:5)
  Prince Ribbit (D:7)
  2 deep elf magi
  A human (D:10)
  8 yaks
  Grum (D:11)
  2 wolves (D:11)
  A hippogriff (D:8)
  A wyvern (D:9)
  2 water moccasins
  4 sky beasts
  8 orc warriors
  3 centaurs
  4 ice beasts
  A necrophage (D:10)
  4 ogres
  A wasp (D:8)
  A crocodile (D:11)
  4 phantoms
  2 big kobolds
  4 giant frogs
  Blork the orc (D:4)
  19 killer bees
  A gnoll sergeant (D:7)
  A water moccasin skeleton (D:10)
  2 centaur zombies
  8 hounds
  A quasit (D:9)
  6 crimson imps
  A giant frog zombie (D:10)
  11 orc wizards
  Crazy Yiuf (D:7)
  5 orc priests
  A jelly (D:5)
  3 iguanas
  9 worker ants
  2 hound zombies
  A worker ant zombie (D:6)
  3 hound skeletons
  Robin (D:3)
  16 adders
  7 gnolls
  3 shadow imps
  2 oozes
  2 worms
  3 giant geckos
  62 orcs
  5 bats
  14 goblins
  10 hobgoblins
  13 jackals
  11 quokkas
  10 giant cockroaches
  A giant gecko zombie (D:5)
  5 giant newts
  19 kobolds
  A quokka skeleton (D:4)
  11 rats
334 creatures vanquished.

Vanquished Creatures (others)
  An orc wizard (D:8)
  A bat (D:1)
2 creatures vanquished.

Grand Total: 336 creatures vanquished

Notes
Turn   | Place    | Note
--------------------------------------------------------------
     0 | D:1      | Ijustatesigmund the Octopode Assassin began the quest for the Orb.
     0 | D:1      | Reached XP level 1. HP: 14/14 MP: 1/1
   349 | D:1      | Reached XP level 2. HP: 19/19 MP: 2/2
   580 | D:1      | Reached XP level 3. HP: 16/24 MP: 3/3
   703 | D:1      | You fall through a shaft!
   730 | D:2      | Found an iron altar of Okawaru.
   733 | D:2      | Became a worshipper of Warmaster Okawaru
   743 | D:2      | Reached skill level 1 in Shields
  1066 | D:2      | Found a faded altar to an unknown god.
  1293 | D:2      | Reached XP level 4. HP: 29/29 MP: 4/4
  1377 | D:2      | Reached skill level 6 in Stealth
  1866 | D:3      | Found a blossoming altar of Fedhas.
  1873 | D:3      | Reached XP level 5. HP: 34/34 MP: 5/5
  2096 | D:4      | Found a staircase to the Ecumenical Temple.
  2129 | D:4      | Noticed Blork the orc
  2133 | D:4      | Killed Blork the orc
  2195 | D:4      | Reached XP level 6. HP: 39/39 MP: 6/6
  2366 | D:3      | Noticed Robin
  2489 | D:3      | Killed Robin
  2645 | D:3      | Found a stormy altar of Qazlal.
  2648 | D:3      | Found an ancient bone altar of Kikubaaqudgha.
  2650 | D:3      | Found a sparkling altar of Nemelex Xobeh.
  3006 | D:3      | Found a blossoming altar of Fedhas.
  3098 | D:4      | Noticed an ice beast
  3113 | D:3      | Reached * piety under Okawaru
  3588 | D:4      | Noticed an ogre
  3596 | D:4      | Killed an ogre
  3596 | D:4      | Reached skill level 7 in Stealth
  3596 | D:4      | Reached XP level 7. HP: 45/45 MP: 7/7
  3848 | D:4      | Reached skill level 1 in Invocations
  4165 | D:4      | Found a white marble altar of Elyvilon.
  4350 | D:5      | Entered Level 5 of the Dungeon
  4608 | D:5      | Reached skill level 5 in Shields
  4982 | D:5      | Reached XP level 8. HP: 50/50 MP: 5/10
  4984 | D:5      | Noticed Grinder
  4990 | D:5      | Killed Grinder
  4990 | D:5      | Reached ** piety under Okawaru
  5381 | D:5      | Reached skill level 5 in Invocations
  6192 | D:6      | Reached skill level 8 in Stealth
  6192 | D:6      | Reached XP level 9. HP: 46/54 MP: 8/12
  6522 | D:7      | Noticed Prince Ribbit
  6530 | D:7      | Killed Prince Ribbit
  6530 | D:7      | Reached skill level 5 in Short Blades
  6639 | D:7      | Reached *** piety under Okawaru
  6921 | D:7      | Noticed Crazy Yiuf
  6929 | D:7      | Killed Crazy Yiuf
  6929 | D:7      | Reached skill level 5 in Evocations
  7160 | D:7      | Reached skill level 9 in Stealth
  7290 | D:7      | Found Kinwe's Antique Weapon Shop.
  7298 | D:7      | Bought a pitted hand crossbow for 195 gold pieces
  7298 | D:7      | Identified the +4 hand crossbow "Lyanuvoa" {venom, Dex+5 SInv} (You bought it in a shop on level 7 of the Dungeon)
  7544 | D:4      | Killed an ice beast
  7544 | D:4      | Reached skill level 10 in Stealth
  7809 | D:8      | Reached skill level 11 in Stealth
  8199 | D:8      | Reached XP level 10. HP: 41/60 MP: 10/13
  8411 | D:8      | You fall through a shaft for 2 floors!
  8411 | D:10     | Entered Level 10 of the Dungeon
  8512 | D:10     | Reached skill level 5 in Throwing
  9045 | D:9      | Found a staircase to the Lair.
  9245 | D:10     | Found Onemef's Weapon Emporium.
  9300 | D:10     | Reached **** piety under Okawaru
  9488 | D:10     | Noticed a hill giant
  9511 | D:10     | Killed a hill giant
  9511 | D:10     | Received a gift from Okawaru
  9592 | D:10     | Noticed asdu's ghost (novice CeGl)
  9843 | D:9      | Reached XP level 11. HP: 60/64 MP: 11/14
 10270 | D:9      | Found a shattered altar of Ashenzari.
 10600 | D:10     | Killed asdu's ghost
 10758 | D:11     | Noticed Psyche
 10758 | D:11     | Noticed Grum
 10777 | D:11     | Killed Grum
 10780 | D:11     | Killed Psyche
 10955 | D:11     | Noticed a hill giant
 11076 | D:11     | Found Amnaphat's Assorted Antiques.
 11079 | D:11     | Noticed emiel's ghost (novice HOAs)
 11133 | D:11     | Killed emiel's ghost
 11133 | D:11     | Reached skill level 10 in Shields
 11138 | D:11     | Bought a crude short sword for 232 gold pieces
 11138 | D:11     | Identified the +6 short sword of Ragnarok {holy, rF++ rC+ Int-2} (You bought it in a shop on level 11 of the Dungeon)
 11187 | D:11     | Reached ***** piety under Okawaru
 11313 | D:11     | Killed a hill giant
 11313 | D:11     | Received a gift from Okawaru
 12388 | D:11     | Found a staircase to the Orcish Mines.
 12591 | D:12     | Noticed Azrael
 12597 | D:12     | Killed from afar by Azrael

Vault maps used:
D:1:      shiori_arrival_elements, minivault_27
D:2:      lemuel_doored_altar, ecumenical_altar_1, minmay_ruptured
D:3:      minitemple, first_bread, kennysheep_crisscross,
          fedhas_altar_fruit_tree, uniq_robin
D:4:      elyvilon_altar_1, minmay_temple_entry_junction, uniq_blork_the_orc
D:5:      kennysheep_generic_room_5, uniq_grinder
D:7:      serial_shops, kennysheep_mini, serial_bayou_pond_d,
          minmay_misc_feat_four_crosses, uniq_prince_ribbit1,
          uniq_crazy_yiuf_cottage
D:9:      lemuel_crystal_altar, lair_0_dummy, kb_lookout_dungeons_type
D:10:     serial_shops, shop, hangedman_stone_soup
D:11:     david_orc_4, serial_shops, shop_statue, uniq_psyche, uniq_grum
D:12:     minmay_tri_box, serial_shops, shop, evilmike_butchery, uniq_erolcha,
          uniq_azrael

Action                   |  1- 3 |  4- 6 |  7- 9 | 10-12 || total
-------------------------+-------+-------+-------+-------++-------
Melee: Dagger            |    65 |    41 |    85 |    17 ||   208
       Short sword       |       |    76 |   157 |    38 ||   271
       Rapier            |       |       |       |   406 ||   406
 Fire: Blowgun           |    11 |    49 |    23 |    68 ||   151
Invok: Heroism           |       |     1 |    13 |    18 ||    32
 Abil: Evoke Invisibilit |       |       |    10 |    11 ||    21
Evoke: Wand              |       |       |       |     2 ||     2
  Use: Scroll            |     5 |     7 |     8 |     9 ||    29
       Potion            |       |     2 |     1 |       ||     3
 Stab: Sleeping          |    15 |    20 |    44 |    33 ||   112
       Distracted        |       |     1 |     5 |     6 ||    12
       Invisible         |       |       |    16 |    24 ||    40
       Confused          |       |       |       |     3 ||     3
  Eat: Chunk             |     1 |     7 |    14 |    18 ||    40
       Fruit             |       |     1 |     5 |     1 ||     7
       Pizza             |       |       |     1 |     1 ||     2
